 Dungeon Crawl Stone Soup version 0.25.1-2-g60ff931df9 (webtiles) character file.

Game seed: 15340092668761096304

121 DerDa the Magician (level 4, -11/30 HPs)
             Began as a Mummy Fire Elementalist on Oct 2, 2020.
             Killed from afar by Blork the orc (13 damage)
             ... with a puff of flame
             ... on level 4 of the Dungeon.
             The game lasted 00:06:35 (2499 turns).

DerDa the Magician (Mummy Fire Elementalist)        Turns: 2499, Time: 00:06:35

Health: -11/30     AC:  4    Str: 11    XL:     4   Next: 77%
Magic:  1/10       EV: 12    Int: 15    God:
Gold:   184        SH:  0    Dex: 12    Spells: 6/11 levels left

rFire    x . .     SeeInvis .   e - +0 dagger
rCold    + . .     Gourm    .   (no shield)
rNeg     + + +     Faith    +   a - +0 robe
rPois    ∞         Spirit   .   j - +0 helmet
rElec    .         Reflect  .   (no cloak)
rCorr    .         Harm     .   c - +0 pair of gloves
MR       .....                  (no boots)
Stlth    ++........             k - amulet of faith
HPRegen  0.10/turn              (no ring)
MPRegen  0.12/turn              (no ring)

@: very slightly contaminated
A: no food or potions, fire vulnerability, cold resistance 1, negative energy
resistance 3, torment resistance, unbreathing
a: no special abilities


You were on level 4 of the Dungeon.
You were not hungry.

You visited 1 branch of the dungeon, and saw 4 of its levels.

You collected 184 gold pieces.

Inventory:

Hand Weapons
 e - a +0 dagger (weapon)
Missiles
 b - 172 stones (quivered)
Armour
 a - a +0 robe (worn)
 c - a +0 pair of gloves (worn)
 j - a +0 helmet (worn)
Jewellery
 k - an amulet of faith (around neck)
Wands
 l - a wand of digging (5)
Scrolls
 f - a scroll of enchant armour
 g - 2 scrolls of teleportation
 h - a scroll of remove curse {unknown}
 i - a scroll of random uselessness {unknown}


   Skills:
 - Level 1.5 Dodging
 - Level 1.5 Stealth
 * Level 4.3 Spellcasting
 * Level 2.1 Conjurations
 * Level 3.2 Fire Magic


You had 6 spell levels left.
You knew the following spells:

 Your Spells              Type           Power        Failure   Level  Hunger
a - Foxfire               Conj/Fire      ##..         6%          1    N/A
b - Sticky Flame          Conj/Fire      ##......     50%         4    N/A

Your spell library contained the following spells:

 Spells                   Type           Power        Failure   Level  Hunger
 Conjure Flame            Conj/Fire      ##......     17%         3    N/A
 Inner Flame              Hex/Fire       #.......     26%         3    N/A
 Fireball                 Conj/Fire      ##........   85%         5    N/A

Dungeon Overview and Level Annotations

Branches:
Dungeon (3/15)

Altars:
Cheibriados

Annotations:
D:4 Blork the orc


Innate Abilities, Weirdness & Mutations

You do not eat or drink.
Your flesh is vulnerable to fire.
You are immune to poison.
Your flesh is cold resistant. (rC+)
You are immune to negative energy. (rN+++)
You are immune to unholy pain and torment.
You can survive without breathing.


Message History

A magic dart appears from out of thin air!
The magic dart hits you!
You closely miss something.
The foxfire hits something. x2
Something hits you.
* * * LOW HITPOINT WARNING * * *
Something barely misses you.
Unknown command.
You can't drink.
Unknown command.
As you read the scroll labeled EBYRYE HONWETH, it crumbles to dust.
It is a scroll of identify.
f - a scroll of enchant armour Something hits you.
* * * LOW HITPOINT WARNING * * *
As you read the scroll of identify, it crumbles to dust.
g - 2 scrolls of teleportation You hear some strange, mumbled words.
A puff of flame appears from out of thin air!
The puff of flame hits you! The fire burns you terribly!
You die...

## #..#
#....####
#.....@.####
..#....{....#
........#...#
........###...#
......... ...#
......... ..#
......... .#
.......... #
.......


There were no monsters in sight!

Vanquished Creatures
  An orc priest (D:3)
  A worker ant (D:1)
  An adder (D:2)
  An ooze (D:2)
  2 worms (D:2)
  3 leopard geckos
  2 orcs (D:3)
  4 giant cockroaches (D:1)
  4 goblins
  6 hobgoblins
  2 jackals (D:2)
  A quokka (D:3)
  5 bats
  5 frilled lizards
  3 kobolds
  A rat (D:2)
42 creatures vanquished.

Vanquished Creatures (others)
  159 foxfires
159 creatures vanquished.

Grand Total: 201 creatures vanquished

Notes
Turn   | Place    | Note
-------+----------+-------------------------------------------
     0 | D:1      | DerDa the Mummy Fire Elementalist began the quest for the
                  | Orb.
     0 | D:1      | Reached XP level 1. HP: 13/13 MP: 4/4
   133 | D:1      | Reached skill level 3 in Spellcasting
   142 | D:1      | Reached skill level 1 in Conjurations
   253 | D:1      | Reached XP level 2. HP: 19/19 MP: 0/6
  1354 | D:1      | Reached XP level 3. HP: 14/24 MP: 2/8
  1808 | D:2      | Reached skill level 4 in Spellcasting
  1808 | D:2      | Reached XP level 4. HP: 28/30 MP: 3/10
  1891 | D:2      | Found a snail-covered altar of Cheibriados.
  1945 | D:2      | Learned a level 4 spell: Sticky Flame
  2483 | D:3      | You fall into a shaft and drop 1 floor!
  2484 | D:4      | Noticed Blork the orc
  2499 | D:4      | Killed from afar by Blork the orc

Illustrated notes

Levels and vault maps discovered:
D:1:      dpeg_arrival_pond, layout_loops_ring, minmay_misc_feat_secret_circle,
          kennysheep_boxes
D:2:      layout_rooms, cheibriados_altar_1, chequers_mini_garden
D:3:      layout_loops_ring, item_on_display_a
D:4:      layout_cave_pools, enter_ossuary_3, uniq_sigmund, uniq_blork_the_orc,
          uniq_natasha

Skill      XL: |  1  2  3  4 |
---------------+-------------+-----
Spellcasting   | 3 4 |  4.3
Conjurations   | 1 2 |  2.1
Fire Magic     | 3 |  3.2
Dodging        | |  1.5
Stealth        | |  1.5

Action                   |  1- 3 |  4- 6 || total
-------------------------+-------+-------++-------
Melee: Unarmed           |    27 |       ||    27
       Dagger            |    19 |    16 ||    35
 Cast: Foxfire           |    67 |    29 ||    96
  Use: Scroll            |       |     2 ||     2
 Stab: Sleeping          |     3 |     1 ||     4
Armor: Robe              |    11 |    15 ||    26
Dodge: Dodged            |    46 |    24 ||    70
